3AA
GLENDALE HERONS @ ATLANTIC CITY SONICS
09/14/2022
 
TOP OF THE 1ST
Glendale Herons batting - Pitching for Atlantic City Sonics : RHP R.J. Anderson
Pitching: RHP R.J. Anderson
Batting: LHB Job Pels 0-0: Called Strike
0-1: Foul Ball, location: 2F
0-2: DOUBLE (Line Drive, 89M)
Batting: RHB José Villegas 0-0: Ball
1-0: Ball
2-0: SINGLE (Line Drive, 7S)
Job Pels to third
Batting: LHB Victor Adams 0-0: Ball
1-0: Called Strike
1-1: Ball
2-1: Swinging Strike
2-2: Ball
3-2: Foul Ball, location: 2F
3-2: Fly out, F8 (Flyball, 8LM)
3-2: Fly out, F8 (Flyball, 8LM)
Batting: RHB Héctor Moreno 0-0: Ball
1-0: Grounds into double play, 4-6-3 (Groundball, 34)
Top of the 1st over - 0 run(s), 2 hit(s), 0 error(s), 1 left on base; Glendale 0 - Atlantic City 0
BOTTOM OF THE 1ST
Atlantic City Sonics batting - Pitching for Glendale Herons : RHP David Davis
Pitching: RHP David Davis
Batting: SHB David Snyder 0-0: Ground out 1-3 (Groundball, 13S)
Batting: LHB Dale Parkinson 0-0: Ball
1-0: Ball
2-0: Ball
3-0: Called Strike
3-1: Foul Ball, location: 2F
3-2: Foul Ball, location: 2F
3-2: Base on Balls
Batting: LHB Francisco Ortega 0-0: Called Strike
0-1: Fly out, F7 (Flyball, 78M)
Batting: RHB Martín Álvarez 0-0: Ball
1-0: Foul Ball, location: 2F
1-1: Ground out 4-3 (Groundball, 34)
Bottom of the 1st over - 0 run(s), 0 hit(s), 0 error(s), 1 left on base; Glendale 0 - Atlantic City 0
TOP OF THE 2ND
Glendale Herons batting - Pitching for Atlantic City Sonics : RHP R.J. Anderson
Batting: RHB José Masaferro 0-0: Swinging Strike
0-1: Ball
1-1: Called Strike
1-2: Ball
2-2: Strikes out looking
Batting: SHB Kunimichi Chikafuji 0-0: Called Strike
0-1: Called Strike
0-2: Strikes out swinging
Batting: RHB Rob Thomason 0-0: Called Strike
0-1: Foul Ball, location: 2F
0-2: SINGLE (Line Drive, 4D)
Batting: LHB Robert Bond 0-0: Ball
1-0: Ball
2-0: Ball
3-0: Called Strike
3-1: Base on Balls
Rob Thomason to second
Batting: SHB Wilbert Carter 0-0: Ball
1-0: Called Strike
1-1: Ball
2-1: Swinging Strike
2-2: Fly out, F5 (Popup, 56S)
Top of the 2nd over - 0 run(s), 1 hit(s), 0 error(s), 2 left on base; Glendale 0 - Atlantic City 0
BOTTOM OF THE 2ND
Atlantic City Sonics batting - Pitching for Glendale Herons : RHP David Davis
Batting: LHB Pedro López 0-0: Ball
1-0: Ball
2-0: Ball
3-0: Base on Balls
Batting: RHB César Ramírez 0-0: Ball
1-0: Grounds into double play, 5-4-3 (Groundball, 56)
Batting: LHB Kip Burks 0-0: Ball
1-0: Called Strike
1-1: Foul Ball, location: 2F
1-2: Ground out 6-3 (Groundball, 6M)
Bottom of the 2nd over - 0 run(s), 0 hit(s), 0 error(s), 0 left on base; Glendale 0 - Atlantic City 0
TOP OF THE 3RD
Glendale Herons batting - Pitching for Atlantic City Sonics : RHP R.J. Anderson
Batting: LHB Job Pels 0-0: Ball
1-0: Foul Ball, location: 2F
1-1: Foul Ball, location: 2F
1-2: Strikes out swinging
Batting: RHB José Villegas 0-0: Ball
1-0: Foul Ball, location: 2F
1-1: Swinging Strike
1-2: Ball
2-2: Ball
3-2: Fly out, F3 (Line Drive, 3)
Batting: LHB Victor Adams 0-0: Ball
1-0: SOLO HOME RUN (Line Drive, 9LD), Distance : 348 ft
Batting: RHB Héctor Moreno 0-0: Ball
1-0: Ball
2-0: Called Strike
2-1: Foul Ball, location: 2F
2-2: Strikes out looking
Top of the 3rd over - 1 run(s), 1 hit(s), 0 error(s), 0 left on base; Glendale 1 - Atlantic City 0
BOTTOM OF THE 3RD
Atlantic City Sonics batting - Pitching for Glendale Herons : RHP David Davis
Batting: LHB Neal Hart 0-0: Foul Ball, location: 2F
0-1: Ball
1-1: SINGLE (Groundball, 15) (infield hit)
Batting: RHB Chris Henderson 0-0: Ball
1-0: Foul Ball, location: 2F
1-1: Swinging Strike
1-2: Ball
2-2: Foul Ball, location: 2F
2-2: Foul Ball, location: 2F
2-2: Foul Ball, location: 2F
2-2: 2-RUN HOME RUN (Flyball, 7D), Distance : 392 ft
Batting: SHB David Snyder 0-0: SINGLE (Groundball, 6M) (infield hit)
Batting: LHB Dale Parkinson 0-0: Called Strike
0-1: SINGLE (Groundball, 34D)
David Snyder to second
Runner from 2nd tries for 3rd, SAFE, throw made to third
Batting: LHB Francisco Ortega 0-0: Ball
1-0: Ball
2-0: Foul Ball, location: 2F
2-1: Swinging Strike
2-2: Grounds into double play, U6-3 (Groundball, 6M)
David Snyder scores
Batting: RHB Martín Álvarez 0-0: DOUBLE (Line Drive, 78XD)
Batting: LHB Pedro López 0-0: Ball
1-0: Called Strike
1-1: Swinging Strike
1-2: Ball
2-2: Ball
3-2: DOUBLE (Flyball, 78XD)
Martín Álvarez scores
Batting: RHB César Ramírez 0-0: Called Strike
0-1: Ball
1-1: Foul Ball, location: 2F
1-2: Ball
2-2: Ball
3-2: Base on Balls
Batting: LHB Kip Burks 0-0: Foul Ball, location: 2F
0-1: Ball
1-1: Ball
2-1: Ball
3-1: Swinging Strike
3-2: Base on Balls
Pedro López to third
César Ramírez to second
Batting: LHB Neal Hart 0-0: Called Strike
0-1: Called Strike
0-2: Strikes out looking
Bottom of the 3rd over - 4 run(s), 6 hit(s), 0 error(s), 3 left on base; Glendale 1 - Atlantic City 4
TOP OF THE 4TH
Glendale Herons batting - Pitching for Atlantic City Sonics : RHP R.J. Anderson
Batting: RHB José Masaferro 0-0: Ball
1-0: Ball
2-0: Ball
3-0: Base on Balls
Batting: SHB Kunimichi Chikafuji 0-0: Called Strike
0-1: SINGLE (Line Drive, 34)
José Masaferro to second
Runner from 2nd tries for 3rd, SAFE, throw made to third
Kunimichi Chikafuji to second
Batting: RHB Rob Thomason 0-0: Foul Ball, location: 2F
0-1: Foul Ball, location: 2F
0-2: Ball
1-2: Ball
2-2: Ground out 5-3 (Groundball, 5S)
Batting: LHB Robert Bond 0-0: Ball
1-0: Swinging Strike
1-1: Foul Ball, location: 2F
1-2: Foul Ball, location: 2F
1-2: Hit by Pitch
Batting: SHB Wilbert Carter 0-0: Ball
1-0: Called Strike
1-1: Called Strike
1-2: Strikes out swinging
Batting: LHB Job Pels 0-0: Called Strike
0-1: Ball
1-1: Foul Ball, location: 2F
1-2: Foul Ball, location: 2F
1-2: Foul Ball, location: 2F
1-2: Ball
2-2: Strikes out swinging
Top of the 4th over - 0 run(s), 1 hit(s), 0 error(s), 3 left on base; Glendale 1 - Atlantic City 4
BOTTOM OF THE 4TH
Atlantic City Sonics batting - Pitching for Glendale Herons : RHP David Davis
Batting: RHB Chris Henderson 0-0: Ball
1-0: Called Strike
1-1: Called Strike
1-2: Foul Ball, location: 2F
1-2: Ball
2-2: Ground out 5-3 (Groundball, 5L)
Batting: SHB David Snyder 0-0: Ball
1-0: Ball
2-0: Foul Ball, location: 2F
2-1: Ball
3-1: Base on Balls
Batting: LHB Dale Parkinson 0-0: Ball
1-0: Ball
2-0: Grounds into double play, 6-4-3 (Groundball, 6)
Bottom of the 4th over - 0 run(s), 0 hit(s), 0 error(s), 0 left on base; Glendale 1 - Atlantic City 4
TOP OF THE 5TH
Glendale Herons batting - Pitching for Atlantic City Sonics : RHP R.J. Anderson
Batting: RHB José Villegas 0-0: Ball
1-0: Ball
2-0: Ball
3-0: Base on Balls
Batting: LHB Victor Adams 0-0: Called Strike
0-1: Hit by Pitch
José Villegas to second
Batting: RHB Héctor Moreno 0-0: Swinging Strike
0-1: Foul Ball, location: 2F
0-2: Strikes out looking
Batting: RHB José Masaferro 0-0: Foul Ball, location: 2F
0-1: Ball
1-1: Ball
2-1: Ball
3-1: Base on Balls
José Villegas to third
Victor Adams to second
Batting: SHB Kunimichi Chikafuji 0-0: Ball
1-0: Fly out, F6 (Popup, 6D)
Batting: RHB Rob Thomason 0-0: Swinging Strike
0-1: Ball
1-1: Called Strike
1-2: Strikes out swinging
Top of the 5th over - 0 run(s), 0 hit(s), 0 error(s), 3 left on base; Glendale 1 - Atlantic City 4
BOTTOM OF THE 5TH
Atlantic City Sonics batting - Pitching for Glendale Herons : RHP David Davis
Batting: LHB Francisco Ortega 0-0: Ball
1-0: Foul Ball, location: 2F
1-1: Ball
2-1: Ball
3-1: Ground out 5-3 (Groundball, 15S)
Batting: RHB Martín Álvarez 0-0: Called Strike
0-1: DOUBLE (Line Drive, 7LS)
Batting: LHB Pedro López 0-0: Foul Ball, location: 2F
0-1: Ball
1-1: Ball
2-1: Foul Ball, location: 2F
2-2: Ground out 4-3 (Groundball, 4)
Martín Álvarez to third
Batting: RHB César Ramírez 0-0: Ball
1-0: Foul Ball, location: 2F
1-1: Ball
2-1: Ball
3-1: Ground out 4-3 (Groundball, 34)
Bottom of the 5th over - 0 run(s), 1 hit(s), 0 error(s), 1 left on base; Glendale 1 - Atlantic City 4
TOP OF THE 6TH
Glendale Herons batting - Pitching for Atlantic City Sonics : RHP R.J. Anderson
Batting: LHB Robert Bond 0-0: Ball
1-0: Ball
2-0: Ball
3-0: Called Strike
3-1: Swinging Strike
3-2: Fly out, F7 (Flyball, 7M)
Batting: SHB Wilbert Carter 0-0: Bunt for hit - play at first, batter OUT! 1-3
Batting: LHB Job Pels 0-0: Called Strike
0-1: Ball
1-1: Ball
2-1: Ball
3-1: Base on Balls
Batting: RHB José Villegas 0-0: Foul Ball, location: 2F
0-1: Ball
1-1: Foul Ball, location: 2F
1-2: Foul Ball, location: 2F
1-2: Strikes out swinging
Top of the 6th over - 0 run(s), 0 hit(s), 0 error(s), 1 left on base; Glendale 1 - Atlantic City 4
BOTTOM OF THE 6TH
Atlantic City Sonics batting - Pitching for Glendale Herons : RHP David Davis
Batting: LHB Kip Burks 0-0: Swinging Strike
0-1: Called Strike
0-2: Fly out, F7 (Flyball, 78XD)
Batting: LHB Neal Hart 0-0: Foul Ball, location: 2F
0-1: Ground out 5-3 (Groundball, 56S)
Batting: RHB Chris Henderson 0-0: Called Strike
0-1: SINGLE (Line Drive, 7LS)
Batting: SHB David Snyder 0-0: Ball
1-0: Called Strike
Chris Henderson is caught stealing 2nd base
Bottom of the 6th over - 0 run(s), 1 hit(s), 0 error(s), 0 left on base; Glendale 1 - Atlantic City 4
TOP OF THE 7TH
Glendale Herons batting - Pitching for Atlantic City Sonics : RHP R.J. Anderson
Batting: LHB Victor Adams 0-0: Ball
1-0: Foul Ball, location: 2F
1-1: Ball
2-1: Called Strike
2-2: Fly out, F7 (Flyball, 7LS)
Batting: RHB Héctor Moreno 0-0: Ball
1-0: Foul Ball, location: 2F
1-1: Ball
2-1: SOLO HOME RUN (Flyball, 7D), Distance : 372 ft
Pitching: LHP Miguel Canó
Batting: RHB José Masaferro 0-0: Ball
1-0: Swinging Strike
1-1: Foul Ball, location: 2F
1-2: Ball
2-2: Strikes out swinging
Pitching: LHP Mitch Bowman
Batting: SHB Kunimichi Chikafuji 0-0: Ground out 6-3 (Groundball, 6M)
Top of the 7th over - 1 run(s), 1 hit(s), 0 error(s), 0 left on base; Glendale 2 - Atlantic City 4
BOTTOM OF THE 7TH
Atlantic City Sonics batting - Pitching for Glendale Herons : RHP David Davis
Batting: SHB David Snyder 0-0: Called Strike
0-1: Ball
1-1: Foul Ball, location: 2F
1-2: Ground out 4-3 (Groundball, 4)
Batting: LHB Dale Parkinson 0-0: Ball
1-0: Ball
2-0: Foul Ball, location: 2F
2-1: Ground out U3 (Groundball, 3S)
Batting: LHB Francisco Ortega 0-0: Called Strike
0-1: Ball
1-1: Ball
2-1: SINGLE (Groundball, 34D)
Batting: RHB Martín Álvarez 0-0: Called Strike
0-1: Ball
1-1: Ball
2-1: Ball
3-1: Called Strike
3-2: Fly out, F8 (Flyball, 8LD)
Bottom of the 7th over - 0 run(s), 1 hit(s), 0 error(s), 1 left on base; Glendale 2 - Atlantic City 4
TOP OF THE 8TH
Glendale Herons batting - Pitching for Atlantic City Sonics : LHP Mitch Bowman
Now at 2B: Marty Hayden
Batting: RHB Rob Thomason 0-0: Ball
1-0: Ground out 6-3 (Groundball, 6)
Batting: LHB Robert Bond 0-0: Called Strike
0-1: Ground out 1-3 (Groundball, 13)
Batting: SHB Wilbert Carter 0-0: Foul Ball, location: 2F
0-1: Ball
1-1: Foul Ball, location: 2F
1-2: Ball
2-2: Ball
3-2: Strikes out swinging
Top of the 8th over - 0 run(s), 0 hit(s), 0 error(s), 0 left on base; Glendale 2 - Atlantic City 4
BOTTOM OF THE 8TH
Atlantic City Sonics batting - Pitching for Glendale Herons : RHP David Davis
Pitching: LHP Dean White
Batting: LHB Pedro López 0-0: Ball
1-0: Ground out 6-3 (Groundball, 6)
Batting: RHB César Ramírez 0-0: Foul Ball, location: 2F
0-1: Foul Ball, location: 2F
0-2: SINGLE (Groundball, 4M)
Batting: LHB Kip Burks 0-0: Called Strike
0-1: SINGLE (Line Drive, 89M)
César Ramírez to second
Pinch Hitting: RHB Ralph Turner 0-0: Called Strike
0-1: Ball
1-1: Ball
2-1: Foul Ball, location: 2F
2-2: Ball
3-2: Base on Balls
César Ramírez to third
Kip Burks to second
Batting: RHB Chris Henderson 0-0: Ball
Wild Pitch!
César Ramírez scores
Kip Burks to third
Ralph Turner to second
1-0: Intentional Walk
Pinch Hitting: RHB John Terry 0-0: Called Strike
0-1: Called Strike
0-2: Strikes out looking
Pinch Hitting: RHB Edgar Stephenson 0-0: Ball
1-0: Ground out 1-3 (Groundball, 13S)
Bottom of the 8th over - 1 run(s), 2 hit(s), 0 error(s), 3 left on base; Glendale 2 - Atlantic City 5
TOP OF THE 9TH
Glendale Herons batting - Pitching for Atlantic City Sonics : LHP Mitch Bowman
Pitching: RHP Bernardo Valdés
Now at 1B: Edgar Stephenson
Now at 2B: Jim Unknown
Now at 3B: Chris Foreman
Batting: LHB Job Pels 0-0: Ball
1-0: Called Strike
1-1: Foul Ball, location: 2F
1-2: Foul Ball, location: 2F
1-2: Ball
2-2: Fly out, F8 (Flyball, 8RM)
Batting: RHB José Villegas 0-0: Foul Ball, location: 2F
0-1: Called Strike
0-2: Foul Ball, location: 2F
0-2: Ball
1-2: Ground out 5-3 (Groundball, 5L)
Batting: LHB Victor Adams 0-0: Called Strike
0-1: Swinging Strike
0-2: Strikes out swinging
Top of the 9th over - 0 run(s), 0 hit(s), 0 error(s), 0 left on base; Glendale 2 - Atlantic City 5
This league is powered by Out of the Park Baseball, the baseball management simulation game for PC, Mac and Linux
Friday, April 15th, 2016 - OOTP Baseball 16.9 Build 39